 Dungeon Crawl Stone Soup version 0.31-a0-818-ge7c7cf74f0 (webtiles) character file.

Game seed: 16866087317074570662

338 Kurtz the Chopper (level 6, -7/42 HPs)
             Began as an Octopode Fighter on Sept 22, 2023.
             Mangled by a phantom (8 damage)
             ... on level 5 of the Dungeon.
             The game lasted 00:02:06 (2951 turns).

Kurtz the Chopper (Octopode Fighter)                Turns: 2951, Time: 00:02:07

Health: -7/42      AC:  1    Str: 15    XL:     6   Next: 55%
Magic:  6/6        EV: 13    Int:  9    God:
Gold:   167        SH:  4    Dex: 13    Spells: 5/5 levels left

rFire   + . .        a - +0 war axe
rCold   . . .        b - +0 buckler
rNeg    . . .        (helmet restricted)
rPois   .            f - amulet of the acrobat
rElec   .            (no ring)
rCorr   .            (no ring)
SInv    .            (no ring)
Will    +....        (no ring)
Stlth   ++           (no ring)
HPRegen 0.27/turn    (no ring)
MPRegen 0.10/turn    (no ring)
                     (no ring)

%: acrobat
@: enlightened, flying
A: almost no armour, amphibious, 8 rings, camouflage 1, gelatinous body 1,
(nimble swimmer 1), tentacles, dopey 1, fire resistance 1, MP-powered wands
a: no special abilities


You were on level 5 of the Dungeon.
You visited 1 branch of the dungeon, and saw 5 of its levels.

You collected 167 gold pieces.

Inventory:

Hand Weapons
 a - a +0 war axe (weapon)
Missiles
 t - 6 poisoned darts
Armour
 b - a +0 buckler (worn)
Jewellery
 f - an amulet of the acrobat (around mantle)
 u - a ring of flight
Wands
 c - a wand of polymorph (8)
Scrolls
 d - a scroll of poison {unknown}
 i - a scroll of enchant weapon {unknown}
 k - 4 scrolls of identify {unknown}
 l - a scroll of immolation {unknown}
 o - a scroll of blinking {unknown}
 p - a scroll of amnesia {unknown}
 r - a scroll of vulnerability {unknown}
Potions
 e - a potion of curing {unknown}
 g - a potion of enlightenment
 h - a potion of brilliance {unknown}
 j - 3 potions of mutation
 m - 2 potions of lignification {unknown}
 n - a potion of attraction {unknown}
 q - a potion of ambrosia {unknown}
 s - a potion of heal wounds {unknown}


   Skills:
 - Level 3.0 Fighting
 * Level 6.7 Axes
 - Level 3.0 Dodging
 - Level 3.0 Shields


You had 5 spell levels left.
You didn't know any spells.
Your spell library contained the following spells:

 Spells                   Type           Power      Damage    Failure   Level
 Apportation              Tloc           0%         N/A       47%         1
 Necrotise                Necr           0%         1d4       47%         1
 Summon Small Mammal      Summ           0%         N/A       47%         1


Dungeon Overview and Level Annotations

Branches:
Dungeon (5/15)
 Temple: D:4-7

Altars:
Cheibriados
Hepliaklqana

Shops:
D:4 :

Annotations:
D:4 1 runed translucent door, Crazy Yiuf


Innate Abilities, Weirdness & Mutations

You cannot wear most types of armour.
You are amphibious.
You can wear up to eight rings at the same time.
Your skin changes colour to match your surroundings (Stealth+).
Your rubbery body absorbs attacks. (AC +1, EV +1)
((You are camouflaged when in or above water. (Stealth+)))
You have tentacles for arms and can constrict up to eight enemies at once.
You are dopey. (Int -2)
Your flesh is heat resistant. (rF+)
You expend magic power (3 MP) to strengthen your wands.


Message History

You closely miss the phantom.
The phantom is severely damaged.
The phantom hits you.
The phantom blinks!
You blink.
You are too injured to fight recklessly!
You closely miss the phantom.
The phantom is severely damaged.
You hit the plant.
The plant begins to die.
You hit the plant.
The plant begins to die.
The phantom hits you. x2
* * * LOW HITPOINT WARNING * * *
Unknown command.
You miss the phantom.
You tentacle-slap the phantom, but do no damage.
The phantom is severely damaged.
You slash the plant! You hit the plant.
A nearby plant withers and dies.
The phantom hits you.
* * * LOW HITPOINT WARNING * * *
Unknown command.
You closely miss the phantom.
The phantom is severely damaged.
You hit the plant.
A nearby plant withers and dies.
The phantom hits you.
* * * LOW HITPOINT WARNING * * *
The phantom blinks!
You blink.
The phantom attacks as it pursues you! The phantom misses you.
There is a stone staircase leading up here.
You miss the phantom.
The phantom is severely damaged.
The phantom closely misses you.
It was a potion of enlightenment.
You feel very buoyant.
You fly up into the air.
The phantom hits you.
* * * LOW HITPOINT WARNING * * *
The phantom blinks!
You blink.
Okay, then.
You can't go up here!
Unknown command.
It was a potion of mutation.
You feel extremely strange.
You feel your magical essence link to the dungeon's wands.
You feel stupid.
You feel resistant to heat. The phantom hits you!
You die...

##.# ... #.#
########..#
#........#
..######.....§<.##
..........P......##
#####.#P.P...PPP..#
#....@.#.P.##.#
###.W.#..§..#.#
#.#....§§§P..#
#.....§§##...#
#P.P...§# #..#
##PP.=PP.P...#
#..........##
#..##..#.P.#
....#...#...#


You could see a phantom.

Vanquished Creatures
  Duvessa (D:4)
  Dowan (D:4)
  A howler monkey (D:4)
  A hound (D:4)
  An iguana (D:4)
  3 adders
  A worm (D:2)
  6 dart slugs
  An orc (D:3)
  5 bats
  8 endoplasms
  3 giant cockroaches
  4 goblins
  3 hobgoblins
  2 jackals (D:2)
  2 kobolds (D:3)
  2 quokkas
  4 ball pythons
  A frilled lizard (D:2)
  4 rats
54 creatures vanquished.

Notes
Turn   | Place    | Note
-------+----------+-------------------------------------------
     0 | D:1      | Kurtz the Octopode Fighter began the quest for the Orb.
     0 | D:1      | Reached XP level 1. HP: 16/16 MP: 1/1
    91 | D:1      | Reached XP level 2. HP: 5/21 MP: 2/2
   227 | D:1      | Reached skill level 3 in Axes
   744 | D:2      | Reached XP level 3. HP: 26/26 MP: 3/3
   907 | D:2      | Reached skill level 4 in Axes
  1322 | D:3      | Reached XP level 4. HP: 31/31 MP: 4/4
  1698 | D:3      | Found a snail-covered altar of Cheibriados.
  1934 | D:4      | Reached skill level 5 in Axes
  1934 | D:4      | Reached XP level 5. HP: 25/36 MP: 5/5
  2011 | D:4      | Noticed Duvessa
  2012 | D:4      | Noticed Dowan
  2032 | D:4      | Killed Dowan
  2033 | D:4      | Killed Duvessa
  2034 | D:4      | Reached skill level 6 in Axes
  2034 | D:4      | Reached XP level 6. HP: 38/42 MP: 6/6
  2367 | D:4      | Found a runed translucent door.
  2368 | D:4      | Noticed Crazy Yiuf
  2420 | D:4      | Found Wejoniq's Book Emporium.
  2920 | D:5      | Entered Level 5 of the Dungeon
  2920 | D:5      | Found a hazy altar of Hepliaklqana.
  2950 | D:5      | HP: 1/42 [phantom (5)]
  2951 | D:5      | Gained mutation: You expend magic power (3 MP) to
                  | strengthen your wands. [potion of mutation]
  2951 | D:5      | Gained mutation: You are dopey. (Int -2) [potion of
                  | mutation]
  2951 | D:5      | Gained mutation: Your flesh is heat resistant. (rF+)
                  | [potion of mutation]
  2951 | D:5      | Mangled by a phantom

Illustrated notes

Levels and vault maps discovered:
D:1:      mrwooster_arrival_statue_2, layout_basic, nicolae_the_louvre
D:2:      layout_basic
D:3:      layout_loops_ring, kennysheep_slug_shrine
D:4:      layout_loops_ring, serial_glass, glass_columns_b, glass_columns_a,
          minmay_strange_pillars, hangedman_decor_lopped,
          nicolae_wooded_promenade, uniq_crazy_yiuf_cottage, uniq_duvessa
D:5:      layout_rooms, nicolae_hepliaklqana_hazy_memory,
          gammafunk_ghost_mausoleum, uniq_sigmund, uniq_pikel, uniq_eustachio

Skill      XL: |  1  2  3  4  5 |
---------------+----------------+-----
Axes           | 3 4 5 6 |  6.7
Fighting       | |  3.0
Dodging        | |  3.0
Shields        | |  3.0

Action                     |  1- 3 |  4- 6 || total
---------------------------+-------+-------++-------
  Melee: War axe           |    56 |    60 ||   116
         Constrict         |     7 |    11 ||    18
         Tentacles         |    10 |    11 ||    21
         Punch             |     1 |     3 ||     4
    Use: Potion            |       |     3 ||     3
   Stab: Sleeping          |    11 |     3 ||    14
         Distracted        |       |     1 ||     1
 Armour: Skin              |    15 |    47 ||    62
  Dodge: Dodged            |    25 |    26 ||    51
  Block: Buckler           |     8 |     5 ||    13

Table legend: (Time is in decaauts)
 A = Elapsed time spent in this place.
 B = Non-inter-level travel time spent in this place.
 C = Inter-level travel time spent in this place.
 D = Time resting spent in this place.
 E = Time spent auto-exploring this place.
 F = Levels seen in this place.
 G = Mean time per level.
                   A        B        C        D        E       F      G
               +--------+--------+--------+--------+--------+-----+--------+
         Total |   2987 |   2883 |    104 |    459 |   2004 |   5 |  597.4 |
       Dungeon |   2987 |   2883 |    104 |    459 |   2004 |   5 |  597.4 |
               +--------+--------+--------+--------+--------+-----+--------+

Top non-repeatable levels by time:
     D:4: 1041 daAuts
     D:1: 684 daAuts
     D:2: 652 daAuts
     D:3: 575 daAuts
     D:5: 32 daAuts
